[Event "Team 45 45 League T41"]
[Site "Internet Chess Club"]
[Date "2009.05.31"]
[Round "5"]
[White "rayngrant"]
[Black "musk6868"]
[Result "1-0"]
[WhiteElo "1594"]
[BlackElo "1643"]
[Opening "Two knights defense"]
[ECO "C59"]
[Time "08:18:31"]
[TimeControl "2700+45"]

1. e4 e5 2. Nf3 Nc6 3. Bc4 Nf6 4. Ng5 d5 5. exd5 Na5 6. Bb5+ c6 7. dxc6 bxc6 8.
Be2 h6 9. Nf3 e4 10. Ne5 Bd6 11. d4 exd3 12. Nxd3 O-O 13. O-O Qc7 14. h3 Rd8 15.
Nc3 c5 16. Nb5 Qc6 17. Nxd6 Rxd6 18. Qe1 Nc4 19. Qc3 Ba6 20. Bf3 Nd5 21. Bxd5
Qxd5 22. Bf4 Rg6 23. Bg3 Bb7 24. Nf4 Qe4 25. Rfe1 Qc6 26. Qxc4 Rxg3 27. fxg3 g5
28. Re7 Rf8 29. Rxb7 Qxb7 30. Nh5 Qxb2 31. Rf1 Qe5 32. Nf6+ Kg7 33. Nd7 Qe3+ 34.
Kh2 Rg8 35. Qxf7+ Kh8 36. Nf6 Rg7 37. Qf8+ {Black resigns} 1-0

[Event "Team 45 45 League T41"]
[Site "Internet Chess Club"]
[Date "2009.06.02"]
[Round "5"]
[White "hondocando"]
[Black "Rhel"]
[Result "1-0"]
[WhiteElo "1722"]
[BlackElo "1571"]
[Opening "Sicilian: Hungarian variation"]
[ECO "B27"]
[Time "14:31:47"]
[TimeControl "2700+45"]

1. e4 c5 2. Nf3 g6 3. d4 cxd4 4. Qxd4 Nf6 5. Qc4 Nc6 6. Nc3 d6 7. Ng5 e6 8. Be2
Bg7 9. O-O d5 10. exd5 Nxd5 11. Nxd5 Qxd5 12. Qf4 O-O 13. Bc4 Qf5 14. c3 Qxf4
15. Bxf4 Ne5 16. Bxe5 Bxe5 17. Nf3 Bc7 18. Rad1 b6 19. Rfe1 Bb7 20. Rd7 Rac8 21.
Ng5 Bf4 22. Nxe6 Rfe8 23. Re2 Bc6 24. Rd4 Bb8 25. Ng5 Rxe2 26. Bxe2 Re8 27. Kf1
Be5 28. Rd1 Bf4 29. Nf3 Kg7 30. g3 Bc7 31. Nd4 Be4 32. f3 Bb7 33. f4 h5 34. Bf3
Ba6+ 35. Kf2 Bd6 36. Nf5+ gxf5 37. Rxd6 Re7 38. Bxh5 Bc4 39. b3 Be6 40. c4 Rc7
41. Ke3 Rc5 42. Bf3 Ra5 43. a4 Rc5 44. Bd5 Kf6 45. Rc6 Rxc6 46. Bxc6 a5 47. Bd5
Bd7 48. h4 Kg6 49. Kd4 f6 50. Bf3 Be6 51. Bd5 Bd7 52. c5 b5 53. c6 {Black
resigns} 1-0

[Event "Team 45 45 League T41"]
[Site "Internet Chess Club"]
[Date "2009.05.30"]
[Round "5"]
[White "pedrin"]
[Black "fishhead"]
[Result "0-1"]
[WhiteElo "1087"]
[BlackElo "1869"]
[Opening "King's Indian: 6.Be2"]
[ECO "E91"]
[Time "16:40:22"]
[TimeControl "2700+45"]

1. d4 Nf6 2. c4 g6 3. Nc3 Bg7 4. e4 O-O 5. Nf3 d6 6. Be2 Nbd7 7. O-O c6 8. Bg5
h6 9. Bxf6 Bxf6 10. Re1 e5 11. d5 c5 12. Nb5 Nb6 13. a4 a6 14. Nc3 Bg7 15. b3 f5
16. exf5 gxf5 17. Qc2 Qf6 18. Nd2 e4 19. Rab1 Qxc3 {White resigns} 0-1

[Event "Team 45 45 League T41"]
[Site "Internet Chess Club"]
[Date "2009.05.31"]
[Round "5"]
[White "CREDITorDEBIT"]
[Black "andrew28"]
[Result "1-0"]
[WhiteElo "1740"]
[BlackElo "1696"]
[Opening "French: Two knights variation"]
[ECO "C00"]
[Time "15:06:47"]
[TimeControl "2700+45"]

1. e4 e6 2. Nf3 d5 3. Nc3 d4 4. Ne2 c5 5. Ng3 Nc6 6. a3 Bd6 7. Bc4 Nf6 8. d3 O-O
9. Bd2 Nd7 10. O-O Rb8 11. Nh5 Nde5 12. Nxe5 Nxe5 13. Ba2 Qh4 14. g3 Qe7 15. f4
Nc6 16. f5 exf5 17. exf5 b5 18. f6 gxf6 19. Nxf6+ Kh8 20. Qh5 {Black resigns}
1-0

[Event "Team 45 45 League T41"]
[Site "Internet Chess Club"]
[Date "2009.05.29"]
[Round "5"]
[White "jjmolina"]
[Black "woodmover"]
[Result "0-1"]
[WhiteElo "1702"]
[BlackElo "1734"]
[Opening "Budapest: Adler variation"]
[ECO "A52"]
[Time "15:45:31"]
[TimeControl "2700+45"]

1. d4 Nf6 2. c4 e5 3. dxe5 Ng4 4. Nf3 Bc5 5. e3 Nc6 6. Qd5 Qe7 7. a3 a5 8. Bd2
Ngxe5 9. Nxe5 Nxe5 10. Bc3 d6 11. Be2 O-O 12. O-O c6 13. Qe4 f5 14. Qc2 Be6 15.
b3 Bb6 16. Nd2 f4 17. exf4 Rxf4 18. Nf3 Nxf3+ 19. Bxf3 Raf8 20. Qe2 Qf7 21. Bd2
Rf5 22. Be3 Re5 23. Qd2 Bxe3 24. fxe3 Qc7 25. Rad1 Rd8 26. Qc3 Qb6 27. Rxd6 Rxd6
28. Qxe5 c5 29. Bxb7 Rd8 30. e4 Qxb7 31. Qxe6+ Kh8 32. Qf5 Qe7 33. Qf3 h6 34.
Re1 Qe5 35. Qe3 Kg8 36. b4 axb4 37. axb4 cxb4 38. Qb3 Qc5+ 39. Kh1 Rd4 40. h3
Qxc4 41. Qxc4+ Rxc4 42. e5 b3 43. Rb1 Rb4 44. Kh2 Kf7 45. Kg3 Ke6 46. Kf3 Kxe5
47. Ke3 b2 48. Kd2 Kf4 49. Ke2 Rb3 50. Kf2 Ke4 51. Ke2 Kd4 52. Kd2 Rg3 {White
resigns} 0-1

[Event "Team 45 45 League T41"]
[Site "Internet Chess Club"]
[Date "2009.06.01"]
[Round "5"]
[White "Fidius"]
[Black "jonesey"]
[Result "1-0"]
[WhiteElo "2205"]
[BlackElo "2045"]
[Opening "Sicilian: Taimanov variation"]
[ECO "B46"]
[Time "11:07:16"]
[TimeControl "2700+45"]

1. e4 c5 2. Nf3 e6 3. d4 cxd4 4. Nxd4 Nc6 5. Nc3 a6 6. Nxc6 bxc6 7. Bf4 d5 8.
Qf3 Bd6 9. O-O-O Bxf4+ 10. Qxf4 Ne7 11. Be2 Bd7 12. h4 Qb6 13. h5 Rb8 14. Na4
Qa7 15. h6 g6 16. Qd6 Bc8 17. Nc5 O-O 18. Rh3 dxe4 19. Nxe4 f6 20. Rf3 Nf5 21.
Rxf5 gxf5 22. Rd3 f4 23. Qxf4 Kh8 24. Qxf6+ {Black resigns} 1-0

[Event "Team 45 45 League T41"]
[Site "Internet Chess Club"]
[Date "2009.06.01"]
[Round "5"]
[White "fledermaus"]
[Black "chesswooog"]
[Result "1-0"]
[WhiteElo "1981"]
[BlackElo "2158"]
[Opening "QGD: Charousek (Petrosian) variation"]
[ECO "D31"]
[Time "16:23:45"]
[TimeControl "2700+45"]

1. d4 d5 2. c4 e6 3. Nc3 Be7 4. Nf3 a6 5. cxd5 exd5 6. Qc2 Nf6 7. Bg5 O-O 8. e3
Be6 9. Bd3 h6 10. Bh4 Nbd7 11. O-O c5 12. dxc5 Nxc5 13. Bf5 Rc8 14. Nd4 Qb6 15.
Qe2 Rfd8 16. Rac1 g5 17. Bg3 Bxf5 18. Nxf5 Bf8 19. Rfd1 Nce4 20. Nxe4 Nxe4 21.
Rc2 Qg6 22. Nd4 Nxg3 23. hxg3 Rxc2 24. Qxc2 Qxc2 25. Nxc2 Rc8 26. Nd4 Bg7 27.
Kf1 Bxd4 28. Rxd4 Rc2 29. Rb4 b5 30. a4 Rc4 31. Rxc4 dxc4 32. axb5 axb5 33. Ke2
Kf8 34. e4 Ke7 35. Ke3 Kd6 36. Kd4 f6 37. g4 Kc6 38. g3 Kd6 39. f4 gxf4 40. gxf4
Kc6 41. e5 f5 42. g5 hxg5 43. fxg5 Kd7 44. Kd5 Ke7 45. g6 f4 46. e6 f3 47. g7 f2
48. g8=Q f1=Q 49. Qg7+ Ke8 50. Qd7+ Kf8 51. e7+ {Black resigns} 1-0

[Event "Team 45 45 League T41"]
[Site "Internet Chess Club"]
[Date "2009.05.31"]
[Round "5"]
[White "hewdondada"]
[Black "Chessrascal"]
[Result "1-0"]
[WhiteElo "1773"]
[BlackElo "2192"]
[Opening "Trompowsky attack (Ruth, Opocenský opening)"]
[ECO "A45"]
[Time "16:05:53"]
[TimeControl "2700+45"]

1. d4 Nf6 2. Bg5 c5 3. Bxf6 gxf6 4. d5 Qb6 5. Qc1 Bh6 6. e3 f5 7. Nh3 Bg7 8. c3
d6 9. g3 Nd7 10. Bg2 Nf6 11. O-O O-O 12. Nd2 Qc7 13. Qd1 b5 14. Nf4 Rb8 15. Nh5
Nxh5 16. Qxh5 e5 17. e4 fxe4 18. Nxe4 f6 19. f4 f5 20. Ng5 h6 21. Ne6 Bxe6 22.
dxe6 e4 23. Bh3 d5 24. Bxf5 Rf6 25. Rad1 Rd8 26. Bg6 Kh8 27. Bf7 d4 28. cxd4
cxd4 29. Qxb5 e3 30. Rxd4 Rb8 31. Rd7 Qc8 32. Qd3 e2 33. Qxe2 Rxf7 34. Rxf7 Bd4+
35. Kh1 Qc6+ 36. Qf3 Qxe6 37. Rc7 Re8 38. b3 Rd8 39. Qc6 Qh3 40. Re1 Rf8 41. Qg6
Qf5 42. Qxf5 Rxf5 43. Re8+ {Black resigns} 1-0

[Event "Team 45 45 League T41"]
[Site "Internet Chess Club"]
[Date "2009.05.31"]
[Round "5"]
[White "whitetiger"]
[Black "mugurelt"]
[Result "1/2-1/2"]
[WhiteElo "1888"]
[BlackElo "1760"]
[Opening "Sicilian: Najdorf, 6...e6"]
[ECO "B95"]
[Time "23:00:22"]
[TimeControl "2700+45"]

1. e4 c5 2. Nf3 d6 3. d4 Nf6 4. Nc3 cxd4 5. Nxd4 a6 6. Bg5 e6 7. Be2 Be7 8. Bf3
e5 9. Nf5 Bxf5 10. exf5 Nc6 11. g4 Nd4 12. Bg2 Qb6 13. Rb1 Rb8 14. Be3 h5 15. h3
hxg4 16. hxg4 Rxh1+ 17. Bxh1 Nh7 18. Qd2 Bh4 19. Ne2 Nxc2+ 20. Kf1 Nxe3+ 21.
Qxe3 Qxe3 22. fxe3 Bg5 {Game drawn by mutual agreement} 1/2-1/2

[Event "Team 45 45 League T41"]
[Site "Internet Chess Club"]
[Date "2009.05.27"]
[Round "5"]
[White "eurander"]
[Black "chiiwen"]
[Result "1-0"]
[WhiteElo "2218"]
[BlackElo "2050"]
[Opening "Sicilian: Alapin's variation (2.c3)"]
[ECO "B22"]
[Time "18:01:22"]
[TimeControl "2700+45"]

1. e4 c5 2. c3 g6 3. d4 cxd4 4. cxd4 d5 5. e5 Bg7 6. Nc3 Nc6 7. Bb5 f6 8. exf6
exf6 9. Nge2 Ne7 10. Nf4 O-O 11. O-O Kh8 12. Re1 f5 13. Bxc6 Nxc6 14. Be3 g5 15.
Nfxd5 f4 16. Bd2 Nxd4 17. h4 g4 18. Bxf4 Qxh4 19. Bg3 Qg5 20. Nc7 Bd7 21. Nxa8
Rxa8 22. Re4 Qc5 23. Ne2 Nxe2+ 24. Qxe2 Rg8 25. Be5 h6 26. Re1 g3 27. Bxg3 Bb5
28. Qd2 Bc6 29. Re6 Qh5 30. Be5 Kh7 31. Re7 Qg5 32. Qd3+ Qg6 33. Qxg6+ Kxg6 34.
Rxg7+ Rxg7 35. Bxg7 Kxg7 36. f3 {Black resigns} 1-0

[Event "Team 45 45 League T41"]
[Site "Internet Chess Club"]
[Date "2009.05.30"]
[Round "5"]
[White "martineden"]
[Black "tourettes"]
[Result "1/2-1/2"]
[WhiteElo "1994"]
[BlackElo "1743"]
[Opening "Queen's Indian: 4.Nc3"]
[ECO "E12"]
[Time "03:06:14"]
[TimeControl "2700+45"]

1. d4 Nf6 2. c4 e6 3. Nf3 b6 4. Nc3 Bb7 5. a3 Be7 6. d5 exd5 7. cxd5 Ba6 8. e4
Bxf1 9. Kxf1 d6 10. g3 Nbd7 11. b4 a5 12. Be3 axb4 13. axb4 O-O 14. Kg2 Ng4 15.
Bd4 Nge5 16. Qe2 f5 17. exf5 Rxf5 18. Bxe5 Nxe5 19. Nd4 Rf7 20. f4 Ng6 21. Ne6
Qc8 22. Qc4 Bf6 23. Rxa8 Qxa8 24. Nb5 Bd8 25. Rc1 Re7 26. Nbxc7 Bxc7 27. Nxc7
Rxc7 28. Qxc7 Qxd5+ 29. Kg1 Qd4+ 30. Kg2 {Game drawn by mutual agreement}
1/2-1/2

[Event "Team 45 45 League T41"]
[Site "Internet Chess Club"]
[Date "2009.05.30"]
[Round "5"]
[White "vollmerj"]
[Black "VietLion"]
[Result "1-0"]
[WhiteElo "1749"]
[BlackElo "1915"]
[Opening "Sicilian: Kan, Maróczy bind (Réti variation)"]
[ECO "B41"]
[Time "06:02:37"]
[TimeControl "2700+45"]

1. e4 c5 2. Nf3 e6 3. d4 cxd4 4. Nxd4 a6 5. c4 Bc5 6. Nb3 Be7 7. Nc3 d6 8. Be3
b6 9. Qd4 Nd7 10. Qxg7 Bf6 11. Qg3 Qc7 12. O-O-O Ne7 13. Qxd6 Qxd6 14. Rxd6 Rg8
15. c5 Be5 16. Rd1 Bb7 17. f3 f5 18. cxb6 Rc8 19. Bd4 Bf4+ 20. Kb1 e5 21. Bf2
fxe4 22. Nxe4 Bxe4+ 23. fxe4 Rb8 24. g3 Bh6 25. Bxa6 Rf8 26. Bc5 Nxc5 27. Nxc5
Rxb6 28. Rhf1 Rxf1 29. Bxf1 Be3 30. Nd7 Rh6 31. h3 Bd4 32. Bb5 Kf7 33. Rf1+ Ke6
34. Nf8+ Kd6 35. h4 Kc5 36. Be2 Nc6 37. Rf6 Rxf6 38. Nd7+ Kb4 39. Nxf6 h6 40. g4
Bf2 41. Nd5+ Kc5 42. g5 hxg5 43. hxg5 Nd4 44. Bg4 Kd6 45. g6 Ne6 46. Bxe6 Kxe6
47. b4 Be1 48. a4 Bd2 49. a5 Bh6 50. b5 Kd7 51. Kc2 Kc8 52. Kb3 Kb7 53. Kc4 Bg7
54. a6+ Ka7 55. Kc5 Bf8+ 56. Kc6 Bg7 57. Kd7 Bf8 58. Ke8 Bg7 59. Kf7 Bh6 60. g7
Bd2 61. g8=Q Bh6 62. Qc8 {Black resigns} 1-0

[Event "Team 45 45 League T41"]
[Site "Internet Chess Club"]
[Date "2009.05.30"]
[Round "5"]
[White "chess9793"]
[Black "crankn8tr"]
[Result "1-0"]
[WhiteElo "1882"]
[BlackElo "1514"]
[Opening "Sicilian: Pelikan (Lasker/Sveshnikov) variation"]
[ECO "B33"]
[Time "17:06:05"]
[TimeControl "2700+45"]

1. e4 c5 2. Nf3 Nc6 3. d4 cxd4 4. Nxd4 Nf6 5. Nc3 e5 6. Ndb5 Bc5 7. Nd6+ Ke7 8.
Nf5+ Kf8 9. Bd3 d6 10. Ne3 Bxe3 11. Bxe3 Be6 12. O-O h6 13. Rb1 Rc8 14. f4 exf4
15. Bxf4 Ne5 16. Be2 g5 17. Bxe5 dxe5 18. Qxd8+ Ne8 {Black resigns} 1-0

[Event "Team 45 45 League T41"]
[Site "Internet Chess Club"]
[Date "2009.05.30"]
[Round "5"]
[White "rookmaster23"]
[Black "john-beebs"]
[Result "1-0"]
[WhiteElo "1394"]
[BlackElo "1518"]
[Opening "QGD: Marshall defense"]
[ECO "A50"]
[Time "15:00:08"]
[TimeControl "2700+45"]

1. d4 Nf6 2. c4 d5 3. cxd5 Nxd5 4. e4 Nb6 5. Nc3 Nc6 6. Nf3 Bg4 7. d5 Ne5 8. Be2
Nxf3+ 9. Bxf3 Bd7 10. O-O e5 11. b3 Bd6 12. Bb2 Qe7 13. a4 a5 14. Re1 O-O 15.
Bg4 f5 16. exf5 Qf6 17. Ne4 Qf7 18. Nxd6 cxd6 19. Qf3 Nxd5 20. Rad1 Bc6 21. Qe4
Nc3 22. Qd3 Nxd1 23. Rxd1 Rad8 24. Ba3 e4 25. Qh3 Qf6 26. Qg3 Rfe8 27. h4 d5 28.
Bh5 Qxf5 29. Bxe8 Rxe8 30. Bb2 Qf7 31. h5 Re6 32. Re1 Rh6 33. f3 Rxh5 34. fxe4
dxe4 35. Qb8+ Qf8 36. Qg3 Rh6 37. Rf1 Qc5+ 38. Rf2 Qe7 39. Bxg7 Rg6 40. Qb8+
Kxg7 41. Qa7 Qb4 42. Qb8 Qe1+ 43. Rf1 Qg3 44. Qf8# {Black checkmated} 1-0

[Event "Team 45 45 League T41"]
[Site "Internet Chess Club"]
[Date "2009.06.04"]
[Round "5"]
[White "fuzzface"]
[Black "Prop"]
[Result "0-1"]
[WhiteElo "1347"]
[BlackElo "1410"]
[Opening "Two knights defense (Modern bishop's opening)"]
[ECO "C55"]
[Time "19:04:12"]
[TimeControl "2700+45"]

1. e4 e5 2. Nf3 Nc6 3. Bc4 Nf6 4. d3 Be7 5. O-O O-O 6. Bg5 Nd4 7. Nxe5 d6 8.
Nxf7 Rxf7 9. Bxf7+ Kxf7 10. Bxf6 Bxf6 11. Na3 Kg8 12. c3 Ne6 13. Qb3 c6 14. Rad1
d5 15. f4 Nc5 16. Qc2 Bg4 17. Rd2 Qb6 18. Kh1 Re8 19. h3 Bd7 20. e5 Bh4 21. c4
Ne6 22. Qd1 Rf8 23. Qg4 Qd8 24. g3 Be7 25. Nc2 Nd4 26. Qd1 Nxc2 27. Rxc2 Bxh3
28. Rg1 Qd7 29. Rh2 c5 30. Qh5 Bf5 31. Qe2 dxc4 32. dxc4 Qc6+ 33. Rgg2 Be4 34.
Kg1 Bxg2 35. Qh5 Be4 36. Rf2 Qe6 37. g4 Qxc4 38. Qh3 Qc1+ 39. Rf1 Qxb2 40. Rf2
Qd4 41. g5 Rxf4 42. Qe6+ Kf8 43. Qc8+ Kf7 44. e6+ Kg6 45. Qe8+ Kxg5 46. Qxe7+
Kh6 47. Qc7 Qxf2# {White checkmated} 0-1

[Event "Team 45 45 League T41"]
[Site "Internet Chess Club"]
[Date "2009.05.29"]
[Round "5"]
[White "BosqueVerde"]
[Black "MateIn42"]
[Result "0-1"]
[WhiteElo "1219"]
[BlackElo "1396"]
[Opening "Nimzo-Indian: classical variation"]
[ECO "E32"]
[Time "21:01:33"]
[TimeControl "2700+45"]

1. d4 Nf6 2. c4 e6 3. Nc3 Bb4 4. Qc2 O-O 5. Nf3 Nc6 6. Bg5 Be7 7. e4 d6 8. e5
dxe5 9. dxe5 Ng4 10. Bxe7 Qxe7 11. Bd3 f5 12. exf6 Nxf6 13. O-O Nb4 14. Qd2 Nxd3
15. Qxd3 Rd8 16. Qc2 b6 17. Rad1 Bb7 18. Qe2 Rxd1 19. Rxd1 Bxf3 20. Qxf3 Rf8 21.
h3 Qc5 22. Rf1 Qxc4 23. Qb7 Nd5 24. Nxd5 exd5 25. b3 Qc5 26. Qxa7 d4 27. Qa4 b5
28. Qa5 d3 29. Qd2 Rd8 30. Rc1 Qe5 31. Rc3 Qe2 32. Qg5 Rf8 33. Qd5+ Kh8 34. Rxd3
Qxf2+ 35. Kh2 Qf4+ 36. Rg3 g6 37. Qxb5 h5 38. h4 Qxh4+ 39. Rh3 Qf4+ 40. Rg3 h4
41. Qh5+ gxh5 {White resigns} 0-1

[Event "Team 45 45 League T41"]
[Site "Internet Chess Club"]
[Date "2009.05.31"]
[Round "5"]
[White "jschneigi"]
[Black "WzeroMN"]
[Result "1-0"]
[WhiteElo "1234"]
[BlackElo "1206"]
[Opening "Réti: King's Indian attack (Barcza system)"]
[ECO "A07"]
[Time "21:05:59"]
[TimeControl "2700+45"]

1. Nf3 d5 2. g3 Nf6 3. Bg2 c5 4. d3 e6 5. O-O Bd6 6. Nbd2 O-O 7. b3 Nbd7 8. Bb2
b6 9. e4 d4 10. Nc4 Bc7 11. e5 Qe7 12. exf6 {Black resigns} 1-0

[Event "Team 45 45 League T41"]
[Site "Internet Chess Club"]
[Date "2009.05.30"]
[Round "5"]
[White "havertown"]
[Black "stputte"]
[Result "0-1"]
[WhiteElo "1251"]
[BlackElo "1479"]
[Opening "Alekhine's defense: Scandinavian variation"]
[ECO "B02"]
[Time "12:09:16"]
[TimeControl "2700+45"]

1. e4 Nf6 2. Nc3 d5 3. e5 d4 4. exf6 dxc3 5. bxc3 exf6 6. Bc4 Bd6 7. d4 O-O 8.
Nf3 Re8+ 9. Be2 Qe7 10. Be3 f5 11. g3 Bd7 12. O-O f4 13. gxf4 Bxf4 14. Bxf4 Qxe2
15. Qxe2 Rxe2 16. Bxc7 Rxc2 17. Rfc1 Re2 18. Re1 Rxe1+ 19. Rxe1 Na6 20. Re7 Bc6
21. Ne5 Nxc7 22. Nxc6 Nd5 23. Nxa7 Nxe7 {White resigns} 0-1

[Event "Team 45 45 League T41"]
[Site "Internet Chess Club"]
[Date "2009.06.01"]
[Round "5"]
[White "slipkid"]
[Black "Visin"]
[Result "1-0"]
[WhiteElo "1454"]
[BlackElo "1254"]
[Opening "Sicilian: Alapin's variation (2.c3)"]
[ECO "B22"]
[Time "15:00:07"]
[TimeControl "2700+45"]

1. e4 c5 2. c3 Nc6 3. d4 cxd4 4. cxd4 e6 5. Nc3 d5 6. e5 Qb6 7. Nge2 Bb4 8. a3
Ba5 9. b4 Bxb4 10. axb4 Qxb4 11. Ba3 Qb6 12. f4 Nh6 13. Qb1 Qxb1+ 14. Rxb1 a6
15. Bc5 Nf5 16. Na4 b5 17. Nb6 Rb8 18. Kf2 h5 19. g3 Rg8 20. Bh3 Nh6 21. Nc3 g5
22. Ra1 g4 23. Bf1 Nf5 24. Nxc8 Rxc8 25. Rxa6 Ncxd4 26. Bxd4 Nxd4 27. Nxb5 Rc2+
28. Ke3 Nf5+ 29. Kd3 Rc8 30. Be2 Kf8 31. Nd4 Nxd4 32. Kxd4 Kg7 33. Rha1 Rb8 34.
R6a5 Rb2 35. R1a2 Rgb8 36. Rxb2 Rxb2 37. Ke3 f5 38. Ra6 Kf7 39. Ra7+ Kg6 40. Re7
Rb6 41. Ra7 Rb3+ 42. Kf2 h4 43. Ra6 hxg3+ 44. hxg3 Kf7 45. Ra7+ Kf8 46. Ra2 d4
47. Rd2 Rb4 48. Rc2 Rb3 49. Bc4 Rf3+ 50. Kg2 Ke7 51. Rd2 Rc3 52. Rxd4 Rc2+ 53.
Kf1 Rc1+ 54. Kf2 Rc2+ 55. Be2 Rb2 56. Ke3 Rb1 57. Rd1 Rb3+ 58. Rd3 Rb1 59. Rd6
Rb3+ 60. Kf2 Rb2 61. Ra6 Rb7 62. Bc4 Rb2+ 63. Ke3 Rg2 64. Rxe6+ Kd8 65. Rf6
Rxg3+ 66. Kd4 Rg1 67. Rxf5 g3 68. Bd5 Rd1+ 69. Kc5 Rc1+ 70. Kd6 Ke8 71. Rg5
{Black resigns} 1-0

[Event "Team 45 45 League T41"]
[Site "Internet Chess Club"]
[Date "2009.06.02"]
[Round "5"]
[White "otib2006"]
[Black "JimGaming"]
[Result "0-1"]
[WhiteElo "1339"]
[BlackElo "1295"]
[Opening "Sicilian defense"]
[ECO "B20"]
[Time "14:01:36"]
[TimeControl "2700+45"]

1. e4 c5 2. Bc4 g6 3. Nf3 Bg7 4. Nc3 Nc6 5. d3 e6 6. Be3 d6 7. h3 Nge7 8. Qe2 a6
9. Bg5 f6 10. Bf4 b5 11. Bb3 Na5 12. Kf1 Nxb3 13. Kg1 Nxa1 {White forfeits on
time} 0-1

[Event "Team 45 45 League T41"]
[Site "Internet Chess Club"]
[Date "2009.05.30"]
[Round "5"]
[White "Grenadier"]
[Black "Giacometti"]
[Result "1-0"]
[WhiteElo "1644"]
[BlackElo "1759"]
[Opening "Caro-Kann: Panov-Botvinnik, normal variation"]
[ECO "B13"]
[Time "08:51:13"]
[TimeControl "2700+45"]

1. e4 c6 2. d4 d5 3. exd5 cxd5 4. c4 Nf6 5. Nc3 Nc6 6. Bg5 e6 7. Nf3 Be7 8. c5
O-O 9. Bb5 Bd7 10. O-O h6 11. Bf4 a6 12. Bxc6 Bxc6 13. Ne5 Rc8 14. Re1 Nd7 15.
Qg4 Nxe5 16. Rxe5 f5 17. Qg6 Rf6 18. Qg3 Be8 19. Rae1 Bf7 20. Na4 Rg6 21. Qe3
Bf6 22. Rxe6 Bxe6 23. Qxe6+ Kh7 24. Qxf5 Bxd4 25. Re6 Bf6 26. h4 Bxh4 27. Qxg6+
Kh8 28. Bxh6 Bxf2+ 29. Kxf2 Qh4+ 30. Kg1 Qd4+ 31. Be3 Qd1+ 32. Kh2 Qxa4 33. g3
Qb5 34. Bd4 Qd7 35. Rd6 Qe7 36. Qh5+ Kg8 37. Qxd5+ Kh8 38. Rh6# {Black
checkmated} 1-0

[Event "Team 45 45 League T41"]
[Site "Internet Chess Club"]
[Date "2009.05.30"]
[Round "5"]
[White "musk6868"]
[Black "blitzisbest"]
[Result "0-1"]
[WhiteElo "1663"]
[BlackElo "1594"]
[Opening "Petrov: Nimzovich attack"]
[ECO "C42"]
[Time "18:30:07"]
[TimeControl "2700+45"]

1. e4 e5 2. Nf3 Nf6 3. Nxe5 d6 4. Nf3 Nxe4 5. Nc3 Nxc3 6. dxc3 Nc6 7. Bf4 Be7 8.
Qd2 O-O 9. O-O-O Be6 10. Bd3 f6 11. h4 h5 12. Qe3 Qd7 13. Qe4 f5 14. Qe3 a5 15.
Kb1 Bxa2+ 16. Kxa2 Nb4+ 17. Kb1 Qa4 18. cxb4 axb4 19. Kc1 Bf6 20. Bc4+ Kh8 21.
Nd2 Qa1+ 22. Nb1 Qxb2+ 23. Kd2 Rfe8 24. Qd3 Bc3+ 25. Nxc3 Ra3 26. Rb1 bxc3+ 27.
Kd1 Qxb1+ 28. Bc1 Ra1 {White resigns} 0-1

[Event "Team 45 45 League T41"]
[Site "Internet Chess Club"]
[Date "2009.05.30"]
[Round "5"]
[White "fredd"]
[Black "ticopatzer"]
[Result "0-1"]
[WhiteElo "1483"]
[BlackElo "1528"]
[Opening "Réti: King's Indian attack"]
[ECO "A05"]
[Time "11:03:55"]
[TimeControl "2700+45"]

1. Nf3 Nf6 2. g3 g6 3. Bg2 Bg7 4. O-O d6 5. d4 Nc6 6. Re1 O-O 7. c4 e5 8. d5 Na5
9. Nbd2 b6 10. b4 Nb7 11. a4 Bd7 12. b5 a6 13. e4 axb5 14. cxb5 Bxb5 15. Qb3 Bd7
16. Nc4 Nc5 17. Qc2 Bxa4 18. Qc3 Ncxe4 19. Qb4 Nc5 20. Nb2 Bb3 21. Be3 Bxd5 22.
Bxc5 bxc5 23. Qh4 Rxa1 24. Rxa1 Nd7 25. Ng5 h6 26. Bxd5 Qxg5 27. Qc4 e4 28.
Bxf7+ Rxf7 29. Ra8+ Nf8 30. Nd1 Qd2 31. Qb3 Bd4 32. Qe6 Qxd1+ 33. Kg2 Qf3+ 34.
Kh3 Qh5+ 35. Kg2 Qf3+ 36. Kh3 Qf5+ 37. Qxf5 gxf5 38. Kg2 c4 39. Ra4 d5 40. Kf1
c5 41. Ke2 f4 42. f3 fxg3 43. fxe4 g2 44. Ra1 g1=Q 45. Rxg1+ Bxg1 46. exd5 Rd7
47. Kd2 Rxd5+ 48. Kc3 Rd4 49. h3 Ng6 50. Kc2 Nf4 51. h4 Ne2 52. h5 c3 53. Kb1
Rc4 54. Kc2 Rd4 55. Kb3 Rd2 56. Kc4 c2 57. Kb5 c1=Q 58. Kc6 c4 59. Kb5 Nd4+ 60.
Kb4 Rb2+ 61. Kc5 Rb5+ 62. Kd6 Qa3+ 63. Kd7 Rb7+ 64. Kc8 Qa8# {White checkmated}
0-1

[Event "Team 45 45 League T41"]
[Site "Internet Chess Club"]
[Date "2009.05.31"]
[Round "5"]
[White "medsurg"]
[Black "GoIrish"]
[Result "0-1"]
[WhiteElo "1413"]
[BlackElo "1667"]
[Opening "King's Indian: Petrosian system"]
[ECO "E92"]
[Time "21:00:37"]
[TimeControl "2700+45"]

1. Nf3 Nf6 2. d4 g6 3. c4 Bg7 4. Nc3 O-O 5. e4 d6 6. Be2 e5 7. d5 Bg4 8. h3 Bd7
9. b4 Ne8 10. O-O f5 11. Ng5 f4 12. Ne6 Bxe6 13. dxe6 Nc6 14. Nd5 Nd4 15. e7 Qd7
16. exf8=Q+ Kxf8 17. f3 c6 18. Nc3 Nf6 19. Ba3 Nh5 20. Bd3 Kg8 21. Ne2 Ne6 22.
Qe1 Bf6 23. g4 fxg3 24. Nxg3 Nhf4 25. Qd2 Nxh3+ 26. Kh1 Bg5 27. Qh2 Nef4 28. Bc2
Rf8 29. Bc1 Kh8 30. Bxf4 Rxf4 31. Kg2 Rh4 32. Rh1 Nf4+ {White resigns} 0-1

[Event "Team 45 45 League T41"]
[Site "Internet Chess Club"]
[Date "2009.05.29"]
[Round "5"]
[White "Bill-W"]
[Black "vaknight"]
[Result "0-1"]
[WhiteElo "1809"]
[BlackElo "1669"]
[Opening "Petrov: Nimzovich attack"]
[ECO "C42"]
[Time "18:00:18"]
[TimeControl "2700+45"]

1. e4 e5 2. Nf3 Nf6 3. Nxe5 d6 4. Nf3 Nxe4 5. Nc3 Nf6 6. d4 d5 7. Bd3 Be7 8. h3
h6 9. O-O O-O 10. Bf4 c6 11. Re1 Na6 12. Bxa6 bxa6 13. Qd3 Bd6 14. Bxd6 Qxd6 15.
Na4 Ne4 16. Nd2 Qb4 17. Nxe4 dxe4 18. Qb3 Qxd4 19. Rad1 Qe5 20. Qc4 Qb5 21. Rxe4
Bf5 22. Rf4 Be6 23. Qc3 Rad8 24. Re1 Rd5 25. Qe3 Qa5 26. c4 Rd2 27. a3 Rd3 28.
Qxd3 Qxe1+ 29. Kh2 Qe5 30. Qd4 Qc7 31. Kg1 Rd8 32. Rxf7 Bxf7 33. Qg4 Qd7 {White
resigns} 0-1

[Event "Team 45 45 League T41"]
[Site "Internet Chess Club"]
[Date "2009.05.31"]
[Round "5"]
[White "rayonline53"]
[Black "yellowpebble"]
[Result "1-0"]
[WhiteElo "1496"]
[BlackElo "1569"]
[Opening "Sicilian defense"]
[ECO "B33"]
[Time "12:14:33"]
[TimeControl "2700+45"]

1. e4 c5 2. Nf3 Nc6 3. d4 cxd4 4. Nxd4 Nf6 5. Nc3 a6 6. Be2 e6 7. O-O Be7 8. Be3
O-O 9. f4 d6 10. Bf3 Qc7 11. Qe1 e5 12. Nb3 b5 13. Rd1 Bb7 14. a3 Rac8 15. Qf2
exf4 16. Bxf4 Ne5 17. Bxe5 dxe5 18. Rd2 b4 19. axb4 Bxb4 20. Rd3 a5 21. Rfd1 a4
22. Nxa4 Nxe4 23. Qb6 Qxc2 24. Qxb4 Nf2 25. R3d2 {Black resigns} 1-0

[Event "Team 45 45 League T41"]
[Site "Internet Chess Club"]
[Date "2009.05.29"]
[Round "5"]
[White "SeniorCitizen"]
[Black "OOB1"]
[Result "0-1"]
[WhiteElo "1345"]
[BlackElo "1513"]
[Opening "Sicilian defense"]
[ECO "B32"]
[Time "16:04:36"]
[TimeControl "2700+45"]

1. e4 c5 2. Nf3 Nc6 3. d4 d5 4. dxc5 dxe4 5. Qxd8+ Nxd8 6. Ne5 a6 7. Nc4 Nf6 8.
Nb6 Rb8 9. Bf4 e5 10. Bxe5 Bxc5 11. Bxb8 Bxb6 12. Be2 O-O 13. Nc3 Bf5 14. Bg3
Nc6 15. O-O-O e3 16. f3 Nd4 17. Bd3 Be6 18. Bf4 Nf5 19. Rhe1 h6 20. g4 Nh4 21.
Be2 Ng2 22. Rg1 Nxf4 23. Rge1 N6d5 24. Bc4 Nxc3 {White resigns} 0-1